 Dungeon Crawl Stone Soup version 0.28-a0-1395-g4f6bc678fa (webtiles) character file.

Game seed: 12082466227068781807

2489 Deminshera the Archer (level 9, -1/78 HPs)
             Began as a Demonspawn Wanderer on Jan 4, 2022.
             Was an Initiate of Gozag.
             Slain by a two-headed ogre (22 damage)
             ... on level 7 of the Dungeon.
             The game lasted 00:07:12 (7026 turns).

Deminshera the Archer (Demonspawn Wanderer)         Turns: 7026, Time: 00:07:12

Health: -1/78      AC:  9    Str: 18    XL:     9   Next: 27%
Magic:  10/10      EV:  6    Int: 12    God:    Gozag
Gold:   317        SH:  0    Dex: 13    Spells: 10/10 levels left

rFire   + . .      SeeInvis +   a - +3 shortbow
rCold   . . .      Faith    .   (shield currently unavailable)
rNeg    . . .      Spirit   .   o - +0 chain mail
rPois   .          Reflect  .   (helmet unavailable)
rElec   .          Harm     .   (no cloak)
rCorr   .          Rampage  .   (no gloves)
Will    .....                   (no boots)
Stlth   ..........              (no amulet)
HPRegen 0.23/turn               t - ring of protection from fire
MPRegen 0.12/turn               (no ring)

@: no status effects
A: antennae 3, rugged brown scales 1, powered by pain 1, spiny 1
a: Renounce Religion, Potion Petition, Call Merchant, Bribe Branch


You were on level 7 of the Dungeon.
You worshipped Gozag.
Gozag was aware of your devotion.
You visited 1 branch of the dungeon, and saw 7 of its levels.

You collected 405 gold pieces.
You paid 88 gold pieces to Gozag.

Inventory:

Hand Weapons
 a - a +3 shortbow (weapon)
 c - a +0 quarterstaff
 d - a +2 dagger of venom
Missiles
 b - 121 arrows (quivered ammo)
 u - 2 throwing nets
Armour
 o - a +0 chain mail (worn)
Jewellery
 n - a ring of fire
 t - a ring of protection from fire (left hand)
Wands
 x - a wand of digging (5)
 B - a wand of acid (10)
Scrolls
 f - 2 scrolls of fear {unknown}
 g - 2 scrolls of noise
 h - 5 scrolls of teleportation
 i - 3 scrolls of immolation
 j - a scroll of amnesia {unknown}
 p - 2 scrolls of vulnerability
 q - 3 scrolls of summoning {unknown}
 r - a scroll of enchant weapon {unknown}
 v - a scroll of silence {unknown}
 y - a scroll of magic mapping {unknown}
 A - a scroll of enchant armour {unknown}
Potions
 e - 3 potions of haste
 k - 2 potions of resistance
 m - a potion of ambrosia
 s - a potion of mutation {unknown}
 w - a potion of curing
 z - 3 potions of brilliance {unknown}


   Skills:
 + Level 9.1 Fighting
 - Level 1.7 Staves
 + Level 9.2 Bows
 - Level 2.0 Stealth
 - Level 1.0 Spellcasting


You had 10 spell levels left.
You didn't know any spells.
Your spell library contained the following spells:

 Spells                   Type           Power      Damage    Failure   Level
 Beastly Appendage        Tmut           0%         N/A       99%         1
 Magic Dart               Conj           0%         1d3       99%         1
 Searing Ray              Conj           0%         2d4       100%        2
 Wereblood                Tmut           0%         N/A       100%        2
 Spider Form              Tmut/Pois      0%         N/A       100%        3
 Animate Armour           Summ/Erth      0%         N/A       100%        4
 Fulminant Prism          Conj/Hex       0%         3d6       100%        4
 Blade Hands              Tmut           0%         N/A       100%        5
 Iskenderun's Battlesphe  Conj           0%         2d6       100%        5
 Iron Shot                Conj/Erth      0%         9d1       100%        6
 Spellforged Servitor     Conj/Summ      0%         N/A       100%        7


Dungeon Overview and Level Annotations

Branches:
Dungeon (7/15)
 Temple: D:4-7

Altars:
Gozag
Makhleb
Nemelex Xobeh
Uskayaw
Yredelemnul


Innate Abilities, Weirdness & Mutations

You have a pair of large antennae on your head. (SInv)
You are partially covered in rugged brown scales. (AC +1, +3% HP)
You sometimes gain a little power by taking damage.
You are partially covered in sharp spines.


Message History

You shoot an arrow.
The arrow barely misses the two-headed ogre.
You feel much better.
The two-headed ogre hits you but does no damage.
The two-headed ogre hits you with a +0 giant club!
Fire: 125 arrows
Press: ? - help, Q - select action, (/) - cycle Shift-Dir - straight line, f/p - two-headed ogre
Aim: a two-headed ogre, wielding two +0 giant clubs (heavily wounded, 80% to hit)
You shoot an arrow. The arrow hits the two-headed ogre!
The two-headed ogre is heavily wounded.
The two-headed ogre barely misses you.
The two-headed ogre hits you with a +0 giant club!
Fire: 124 arrows
Press: ? - help, Q - select action, (/) - cycle Shift-Dir - straight line, f/p - two-headed ogre
Aim: a two-headed ogre, wielding two +0 giant clubs (heavily wounded, 80% to hit)
You shoot an arrow. The arrow hits the two-headed ogre!
The two-headed ogre is severely wounded.
The two-headed ogre is struck by your spines.
The two-headed ogre barely misses you.
The two-headed ogre hits you with a +0 giant club.
* * * LOW HITPOINT WARNING * * *
You feel much better.
Fire: 123 arrows
Press: ? - help, Q - select action, (/) - cycle Shift-Dir - straight line, f/p - two-headed ogre
Aim: a two-headed ogre, wielding two +0 giant clubs (severely wounded, 80% to hit)
You shoot an arrow. The arrow hits the two-headed ogre.
The two-headed ogre is severely wounded.
The two-headed ogre is struck by your spines.
The two-headed ogre hits you with a +0 giant club! x2
* * * LOW HITPOINT WARNING * * *
Fire: 122 arrows
Press: ? - help, Q - select action, (/) - cycle Shift-Dir - straight line, f/p - two-headed ogre
Aim: a two-headed ogre, wielding two +0 giant clubs (almost dead, 80% to hit)
You shoot an arrow.
The arrow hits the two-headed ogre but does no damage.
The two-headed ogre is almost dead.
The two-headed ogre is struck by your spines.
The two-headed ogre hits you with a +0 giant club!!
You die...
Your body crumbles into a pile of gold.

########...##≈≈###.......##
.........(..#≈≈#.......⌠.⌠.
########.....≈≈......).._..
##.##.≈≈.≈......⌠.⌠#
#.#≈≈≈≈≈.........##
#.#≈.≈≈..≈...#####
#...≈≈≈.))#+## ##O..≈≈≈..#
#@..≈≈≈..# # #.≈≈≈≈.≈≈#.##
#...≈≈......##
#.≈≈≈≈.≈.....#
#..≈.≈.≈≈...##
#...≈.≈.......
#..≈≈≈...#.### ###≈≈≈...#.#
#≈≈≈..## #


You could see a two-headed ogre.

Vanquished Creatures
  The ghost of anet the Magician, a novice DECj (D:6)
  Prince Ribbit (D:5)
  A water moccasin (D:5)
  A black bear (D:5)
  3 sky beasts
  An orc warrior (D:7)
  A centaur (D:4)
  A bullfrog (D:5)
  A water moccasin zombie (D:6)
  5 scorpions
  A vampire bat (D:2)
  A bullfrog zombie (D:6)
  4 jellies
  3 orc priests
  3 bullfrog skeletons
  A hound (D:5)
  2 gnoll shamans
  Jessica (D:2)
  3 iguanas (D:6)
  5 orc wizards
  A howler monkey zombie (D:6)
  10 adders
  8 gnolls
  A howler monkey skeleton (D:7)
  4 dart slugs
  12 orcs
  4 ball pythons
  13 bats
  6 endoplasms
  2 giant cockroaches
  6 hobgoblins
  3 jackals (D:4)
  4 kobolds
  2 quokkas
  A frilled lizard (D:3)
  9 goblins
  5 rats
131 creatures vanquished.

Notes
Turn   | Place    | Note
-------+----------+-------------------------------------------
     0 | D:1      | Deminshera the Demonspawn Wanderer began the quest for the
                  | Orb.
     0 | D:1      | Deminshera set off with the following items: a +3 shortbow,
                  | 27 arrows, a +0 quarterstaff, a +0 leather armour
     0 | D:1      | Reached XP level 1. HP: 16/16 MP: 2/2
   121 | D:1      | Gained mutation: You sometimes gain a little power by
                  | taking damage. [demonic ancestry]
   121 | D:1      | Reached XP level 2. HP: 8/22 MP: 3/3
   562 | D:1      | Found a faded altar of an unknown god.
   882 | D:1      | Reached skill level 1 in Stealth
  1193 | D:2      | Gained mutation: You are partially covered in sharp spines.
                  | [demonic ancestry]
  1193 | D:2      | Reached XP level 3. HP: 28/28 MP: 4/4
  1256 | D:2      | Found a basalt altar of Yredelemnul.
  1259 | D:2      | Noticed Jessica
  1262 | D:2      | Killed Jessica
  1364 | D:2      | Reached skill level 5 in Bows
  1388 | D:2      | Reached XP level 4. HP: 35/35 MP: 5/5
  1999 | D:3      | Gained mutation: You have a pair of small antennae on your
                  | head. [demonic ancestry]
  1999 | D:3      | Reached XP level 5. HP: 41/41 MP: 6/6
  2012 | D:3      | Noticed a +0 falchion
  2012 | D:3      | Noticed a +0 short sword
  2012 | D:3      | Noticed a +0 dagger
  2013 | D:3      | Noticed a +0 spear
  2013 | D:3      | Noticed a +0 dagger
  2013 | D:3      | Noticed a +0 short sword
  2016 | D:3      | Noticed a +0 falchion
  2016 | D:3      | Noticed a +0 spear
  2017 | D:3      | Found a hide-covered altar of Uskayaw.
  3089 | D:4      | Reached XP level 6. HP: 36/49 MP: 7/7
  3611 | D:4      | Reached skill level 5 in Fighting
  3830 | D:4      | Found a burning altar of Makhleb.
  3936 | D:4      | You fall into a shaft and drop 1 floor!
  3936 | D:5      | Entered Level 5 of the Dungeon
  3963 | D:5      | Gained mutation: You have a pair of antennae on your head.
                  | [demonic ancestry]
  3963 | D:5      | Reached XP level 7. HP: 56/56 MP: 8/8
  4249 | D:5      | Noticed Prince Ribbit
  4508 | D:5      | Killed Prince Ribbit
  4615 | D:5      | Gained mutation: You have a pair of large antennae on your
                  | head. (SInv) [demonic ancestry]
  4615 | D:5      | Reached XP level 8. HP: 59/65 MP: 9/9
  5380 | D:6      | Found a runed translucent gate.
  5380 | D:6      | Found a runed translucent gate.
  5380 | D:6      | Found a runed translucent gate.
  5651 | D:6      | Found an opulent altar of Gozag.
  5666 | D:6      | Noticed anet's ghost (novice DECj)
  5716 | D:6      | Killed anet's ghost
  5819 | D:6      | Gained mutation: You are partially covered in rugged brown
                  | scales. (AC +1, +3% HP) [demonic ancestry]
  5819 | D:6      | Reached XP level 9. HP: 69/77 MP: 10/10
  5875 | D:6      | Became a worshipper of Gozag Ym Sagoz the Greedy
  6934 | D:7      | Found a sparkling altar of Nemelex Xobeh.
  7000 | D:7      | Noticed a two-headed ogre
  7026 | D:7      | Slain by a two-headed ogre

Illustrated notes

Levels and vault maps discovered:
D:1:      ebering_hopf_link, layout_basic, hellmonk_ecumenical_altar_blasted,
          hangedman_decor_push
D:2:      layout_basic, basic_altar, minmay_misc_feat_rugged,
          chequers_serial_rivers_large_a, uniq_jessica
D:3:      layout_basic, nicolae_uskayaw_en_pointe, roderic_batcave,
          minmay_goblin_outpost
D:4:      layout_loops_ring, kennysheep_mini_moat
D:5:      layout_rooms, uniq_prince_ribbit1
D:6:      layout_basic, ebering_ghost_gozag
D:7:      layout_loops_corners, nemelex_xobeh_ov_fountains_minmay,
          minmay_temple_entry_tees, serial_rivers,
          chequers_serial_rivers_large_b, chequers_serial_rivers_small_a,
          chequers_serial_rivers_small_3, chequers_serial_rivers_marsh,
          chequers_serial_rivers_room_a, kennysheep_crisscross

Skill      XL: |  1  2  3  4  5  6  7  8  9 |
---------------+----------------------------+-----
Stealth        | 1 2 |  2.0
Fighting       | 3 4 5 6 8 9 |  9.1
Bows           | 5 6 7 8 9 |  9.2
Staves         | |  1.7
Spellcasting   | |  1.0

Action                   |  1- 3 |  4- 6 |  7- 9 || total
-------------------------+-------+-------+-------++-------
Melee: Quarterstaff      |     6 |       |       ||     6
 Fire: Shortbow          |    48 |   120 |   248 ||   416
  Use: Scroll            |       |     6 |     2 ||     8
       Potion            |       |     1 |     4 ||     5
Armor: Leather armour    |     6 |       |       ||     6
       Chain mail        |       |    24 |    30 ||    54
Dodge: Dodged            |    12 |    10 |    14 ||    36

Table legend: (Time is in decaauts)
 A = Elapsed time spent in this place.
 B = Non-inter-level travel time spent in this place.
 C = Inter-level travel time spent in this place.
 D = Time resting spent in this place.
 E = Time spent auto-exploring this place.
 F = Levels seen in this place.
 G = Mean time per level.
                   A        B        C        D        E       F      G
               +--------+--------+--------+--------+--------+-----+--------+
         Total |   7007 |   6665 |    342 |   1635 |   4150 |   7 | 1001.0 |
       Dungeon |   7007 |   6665 |    342 |   1635 |   4150 |   7 | 1001.0 |
               +--------+--------+--------+--------+--------+-----+--------+

Top non-repeatable levels by time:
     D:6: 1535 daAuts
     D:3: 1205 daAuts
     D:4: 1122 daAuts
     D:5: 1103 daAuts
     D:1: 981 daAuts
     D:2: 914 daAuts
     D:7: 145 daAuts
